 Dungeon Sprint DCSS version 0.30.1-11-g7821555f0a (webtiles) character file.

Game seed: 13953288041246562498

1964 Heoruswealwe the Impaler (level 9, -6/92 HPs)
             Began as a Minotaur Fighter on Nov 14, 2023.
             Was an Initiate of Gozag.
             Mangled by a nine-headed hydra (8 damage)
             ... in the Dungeon (Sprint IX: "|||||||||||||||||||||||||||||").
             The game lasted 00:03:09 (259 turns).

Heoruswealwe the Impaler (Minotaur Fighter)          Turns: 259, Time: 00:03:10

Health: -6/92      AC: 17    Str: 27    XL:     9   Next: 0%
Magic:  8/8        EV:  9    Int:  5    God:    Gozag
Gold:   828        SH:  0    Dex: 11    Spells: 8/8 levels left

rFire   . . .        b - +2 halberd (venom)
rCold   . . .        (shield currently unavailable)
rNeg    . . .        c - +1 chain mail
rPois   .            (helmet restricted)
rElec   .            (no cloak)
rCorr   .            (no gloves)
SInv    .            e - +0 pair of boots
Will    .....        (no amulet) Stlth
                     k - +2 ring of protection
HPRegen 0.35/turn    j - +3 ring of strength
MPRegen 0.11/turn

%: no teleportation
@: gold aura
A: horns 2, retaliatory headbutt
a: Renounce Religion, Potion Petition, Call Merchant, Bribe Branch


You were in the Dungeon.
You worshipped Gozag.
Gozag was pleased with you.
You visited 1 branch You collected 828 gold pieces.

Inventory:

Hand Weapons
 a - a +0 trident
 b - a +2 halberd of venom (weapon)
Armour
 c - a +1 chain mail (worn)
 d - a +0 buckler
 e - a +0 pair of boots (worn)
Jewellery
 j - a +3 ring of strength (right hand)
 k - a +2 ring of protection (left hand)
Wands
 h - a wand of light (10)
Scrolls
 n - 2 scrolls of blinking
Potions
 f - a potion of heal wounds
 g - a potion of haste
 i - a potion of berserk rage
 l - 5 potions of curing
 m - a potion of might


   Skills:
 + Level 12.6 Fighting
 * Level 16.8 Polearms
 + Level 12.6 Armour
 - Level 3.6 Shields


You had 8 spell levels left.
You didn't know any spells.
Your spell library was empty.

Dungeon Overview and Level Annotations

Branches:
Dungeon (1/1)

Altars:
Cheibriados
Dithmenos
Elyvilon
Fedhas
Gozag
Hepliaklqana
Kikubaaqudgha
Makhleb
Nemelex Xobeh
Okawaru
Qazlal
Ru
Sif Muna
Trog
Uskayaw
Vehumet
Wu Jian
Xom
Yredelemnul
Zin
The Shining One
Jiyva
Lugonu


Innate Abilities, Weirdness & Mutations

You have a pair of horns on your head.
You reflexively headbutt those who attack you in melee.


Message History

The four-headed hydra grows two more!
You hit the six-headed hydra. You headbutt the six-headed hydra.
The six-headed hydra is moderately wounded.
The six-headed hydra closely misses you.
The six-headed hydra bites you!
The six-headed hydra bites you but does no damage.
The six-headed hydra bites you! The six-headed hydra barely misses you.
The six-headed hydra bites you!
You chop one of the six-headed hydra's heads off!
The five-headed hydra grows two more!
You slice the seven-headed hydra!!
The seven-headed hydra looks as sick as possible!
The seven-headed hydra is heavily wounded.
You chop one of the seven-headed hydra's heads off!
The six-headed hydra grows two more!
You impale the eight-headed hydra!!
The eight-headed hydra is severely wounded.
The eight-headed hydra bites you but does no damage.
The eight-headed hydra barely misses you.
The eight-headed hydra bites you but does no damage.
The eight-headed hydra bites you!
* * * LOW HITPOINT WARNING * * *
The eight-headed hydra bites you.
* * * LOW HITPOINT WARNING * * *
The eight-headed hydra barely misses you.
The eight-headed hydra completely misses you.
The eight-headed hydra bites you.
* * * LOW HITPOINT WARNING * * *
You slice one of the eight-headed hydra's heads off!
The seven-headed hydra grows two more!
You impale the nine-headed hydra!!
The nine-headed hydra is almost dead.
The nine-headed hydra bites you.
* * * LOW HITPOINT WARNING * * *
The nine-headed hydra bites you.
* * * LOW HITPOINT WARNING * * *
The nine-headed hydra bites you but does no damage.
The nine-headed hydra bites you.
* * * LOW HITPOINT WARNING * * *
The nine-headed hydra bites you but does no damage.
The nine-headed hydra bites you!
You die...
Your body crumbles into a pile of gold. ▓▓▓▓▓▓▓▓▓▓▓▓▓▓▓▓▓▓▓▓▓▓▓▓ '!?)[[....).....@DW{.... ▓▓▓▓▓▓▓▓▓▓▓▓▓▓▓▓▓▓▓▓▓▓▓▓ $$ $ $$$$$ $ $ $ $$$$$

You could see a nine-headed hydra (extremely poisoned) and a wraith.

Vanquished Creatures
  A two-headed ogre (D)
  A gargoyle (D)
  A komodo dragon (D)
  A wraith (D)
  2 yaks (D)
  A basilisk (D)
  A water moccasin (D)
  A centaur (D)
  A howler monkey (D)
  A hound (D)
  An adder (D)
  A worm (D)
  2 ball pythons (D)
  A quokka (D)
  2 bats (D)
  A kobold (D)
19 creatures vanquished.

Notes
Turn   | Place    | Note
-------+----------+-------------------------------------------
     0 | D        | Heoruswealwe the Minotaur Fighter began the quest for the
                  | Orb.
     0 | D        | Reached XP level 1. HP: 19/19 MP: 0/0
     6 | D        | Reached skill level 3 in Polearms
    18 | D        | Noticed a hound
    18 | D        | Noticed a water moccasin
    26 | D        | Reached skill level 4 in Polearms
    26 | D        | Reached XP level 2. HP: 27/28 MP: 1/1
    35 | D        | Reached skill level 5 in Fighting
    35 | D        | Reached skill level 6 in Polearms
    35 | D        | Reached skill level 5 in Armour
    35 | D        | Reached XP level 3. HP: 30/36 MP: 2/2
    42 | D        | Killed a water moccasin
    43 | D        | Reached skill level 8 in Polearms
    43 | D        | Reached XP level 4. HP: 32/47 MP: 3/3
    43 | D        | Reached XP level 5. HP: 35/52 MP: 4/4
    45 | D        | Reached skill level 9 in Polearms
    50 | D        | Found a snail-covered altar of Cheibriados.
    50 | D        | Found a shadowy altar of Dithmenos.
    50 | D        | Found a white marble altar of Elyvilon.
    50 | D        | Found a blossoming altar of Fedhas.
    50 | D        | Found an opulent altar of Gozag.
    51 | D        | Found a hazy altar of Hepliaklqana.
    52 | D        | Found a viscous altar of Jiyva.
    53 | D        | Found an ancient bone altar of Kikubaaqudgha.
    54 | D        | Found a corrupted altar of Lugonu.
    55 | D        | Found a burning altar of Makhleb.
    56 | D        | Found a sparkling altar of Nemelex Xobeh.
    57 | D        | Found an iron altar of Okawaru.
    58 | D        | Became a worshipper of Gozag Ym Sagoz the Greedy
    59 | D        | Found a stormy altar of Qazlal.
    60 | D        | Found a sacrificial altar of Ru.
    61 | D        | Found a shimmering blue altar of Sif Muna.
    62 | D        | Found a bloodstained altar of Trog.
    63 | D        | Found a hide-covered altar of Uskayaw.
    64 | D        | Found a radiant altar of Vehumet.
    65 | D        | Found an ornate altar of the Wu Jian Council.
    66 | D        | Found a shimmering altar of Xom.
    67 | D        | Found a basalt altar of Yredelemnul.
    68 | D        | Found a glowing silver altar of Zin.
    69 | D        | Found a glowing golden altar of the Shining One.
   120 | D        | Noticed a yak
   120 | D        | Noticed a yak
   120 | D        | Noticed a komodo dragon
   120 | D        | Noticed a centaur
   120 | D        | Noticed a two-headed ogre
   125 | D        | Killed a yak
   126 | D        | Reached skill level 11 in Polearms
   126 | D        | Reached XP level 6. HP: 53/62 MP: 5/5
   129 | D        | Killed a yak
   130 | D        | Reached skill level 12 in Polearms
   133 | D        | Killed a komodo dragon
   134 | D        | Reached skill level 10 in Fighting
   134 | D        | Reached skill level 13 in Polearms
   134 | D        | Reached skill level 10 in Armour
   134 | D        | Reached XP level 7. HP: 58/73 MP: 6/6
   138 | D        | Killed a two-headed ogre
   139 | D        | Reached skill level 15 in Polearms
   139 | D        | Reached XP level 8. HP: 51/82 MP: 7/7
   244 | D        | Noticed a gargoyle
   244 | D        | Noticed a five-headed hydra
   248 | D        | Reached skill level 16 in Polearms
   251 | D        | Killed a gargoyle
   255 | D        | Reached XP level 9. HP: 80/92 MP: 8/8
   259 | D        | HP: 3/92 [nine-headed hydra (4)]
   259 | D        | Mangled by a nine-headed hydra

Illustrated notes

Levels and vault maps discovered:
D:        linesprint [early_d, line_temple, items_1, d_10, items_2, lair_1,
          lair_end, items_3, orc_1, orc_end, items_4, d_15, swamp_1, shoals_1,
          snake_1, spider_1, d_20, vaults_1, items_5, swamp_end, shoals_end,
          snake_end, spider_end, vaults_end, d_27, items_6, zot_1, zot_end,
          crypt_end, forest_end, elf_end, slime_end, tomb_end, abyss_end,
          pan_hell_end]

Skill      XL: |  1  2  3  4  5  6  7  8 |
---------------+-------------------------+-----
Polearms       | 4 6 8 11 13 15 16 | 16.8
Fighting       | 4 5 7 8 10 11 12 | 12.6
Armour         | 4 5 7 8 10 11 12 | 12.6
Shields        | |  3.6

Action                     |  1- 3 |  4- 6 |  7- 9 || total
---------------------------+-------+-------+-------++-------
  Melee: Trident           |    30 |     2 |       ||    32
         Headbutt          |     1 |     4 |     6 ||    11
         Halberd           |       |    12 |    26 ||    38
    Use: Potion            |       |     1 |     1 ||     2
 Armour: Scale mail        |    10 |       |       ||    10
         Chain mail        |       |     2 |    11 ||    13
  Dodge: Dodged            |    14 |     3 |     9 ||    26
  Block: Buckler           |     7 |       |       ||     7
